 Dungeon Crawl Stone Soup version 0.28-a0-932-g843f935a50 (webtiles) character file.

Game seed: 5009231503116757394

4746 enile the Skirmisher (level 10, -3/60 HPs)
             Began as a Gargoyle Earth Elementalist on Nov 28, 2021.
             Was a Follower of Nemelex Xobeh.
             Slain by a vampire (8 damage)
             ... on level 7 of the Dungeon.
             The game lasted 00:42:40 (13167 turns).

enile the Skirmisher (Gargoyle Earth Elementalist) Turns: 13167, Time: 00:42:41

Health: -3/60      AC:  9    Str: 17    XL:     10   Next: 46%
Magic:  24/24      EV: 11    Int: 19    God:    Nemelex Xobeh [*.....]
Gold:   389        SH:  0    Dex:  7    Spells: 2/19 levels left

rFire   . . .      SeeInvis .   v - +3 falchion "Oheatwown" {drain, *Corrode Fly rN+ MP+9}
rCold   . . .      Faith    .   (no shield)
rNeg    + + .      Spirit   .   K - +0 leather armour
rPois   ∞          Reflect  .   (helmet restricted)
rElec   +          Harm     .   (no cloak)
rCorr   +          Rampage  .   (no gloves)
Will    .....                   (no boots)
Stlth   +++.......              i - amulet of magic regeneration
HPRegen 0.20/turn               e - ring of flight
MPRegen 0.59/turn               P - ring of Irarithi {rCorr Str+3 Int+2 Dex-3}

@: flying
A: sickness immunity, AC +7, negative energy resistance 1, electricity
resistance, torment resistance 1, petrification resistance, horns 1, camouflage
1, deformed body, low mp 1
a: Renounce Religion, Draw Escape, Draw Destruction, Draw Summoning


You were on level 7 of the Dungeon.
You worshipped Nemelex Xobeh.
Nemelex Xobeh was aware of your devotion.
You visited 2 branches of the dungeon, and saw 9 of its levels.
You also visited: Sewer and Ossuary.

You collected 571 gold pieces.
You spent 182 gold pieces at shops.

Inventory:

Hand Weapons
 f - a +0 spear
 q - a +1 long sword of electrocution
 v - the +3 falchion "Oheatwown" (weapon) {drain, *Corrode Fly rN+ MP+9}
   (You took it off Duvessa on level 7 of the Dungeon)

   A truly terrible weapon, it drains the life of any living foe it strikes.
   rN:        It protects you from negative energy.
   MP:        It affects your magic capacity (+9).
   Fly:       It grants you flight.
   *Corrode:  It may corrode you when you take damage.
 N - a +2 trident of venom
Missiles
 c - 111 stones
 n - 30 poisoned darts
Armour
 a - a +0 chain mail
 b - a +0 robe
 K - a +0 leather armour (worn)
 O - a +0 robe of resistance
 Q - a +0 chain mail
Magical Staves
 o - a staff of death
Jewellery
 d - an amulet of guardian spirit
 e - a ring of flight (left hand)
 g - a ring of protection from fire
 i - an amulet of magic regeneration (around neck)
 p - a ring of protection from fire
 A - an amulet of faith
 C - a ring of ice
 G - a ring of fire
 J - a +4 ring of protection
 P - the ring of Irarithi (right hand) {rCorr Str+3 Int+2 Dex-3}
   (You found it on level 6 of the Dungeon)

   [ring of resist corrosion]

   Str:       It affects your strength (+3).
   Int:       It affects your intelligence (+2).
   Dex:       It affects your dexterity (-3).
   rCorr:     It protects you from acid and corrosion.
Wands
 D - a wand of iceblast (4)
 E - a wand of flame (16)
 F - a wand of mindburst (14)
 H - a wand of polymorph (13)
Scrolls
 k - a scroll of torment
 l - a scroll of acquirement {unknown}
 m - 2 scrolls of enchant armour
 s - 2 scrolls of amnesia
 u - a scroll of silence
 w - 3 scrolls of fog
 y - a scroll of magic mapping
 B - 3 scrolls of immolation
 I - a scroll of fear
 M - 2 scrolls of identify
Potions
 h - a potion of might
 j - 4 potions of degeneration
 r - 2 potions of haste {unknown}
 t - a potion of flight
 x - a potion of berserk rage {unknown}
 z - a potion of brilliance
 R - a potion of invisibility {unknown}


   Skills:
 - Level 6.0 Fighting
 + Level 4.7 Long Blades
 - Level 2.0 Throwing
 - Level 4.0 Armour
 - Level 3.0 Dodging
 - Level 4.0 Stealth
 - Level 5.0 Spellcasting
 - Level 5.0 Conjurations
 - Level 3.0 Necromancy
 - Level 4.0 Translocations
 - Level 2.0 Transmutations
 - Level 6.0 Earth Magic
 - Level 4.0 Invocations
 - Level 2.0 Evocations


You had 2 spell levels left.
You knew the following spells:

 Your Spells              Type           Power      Damage    Failure   Level
a - Sandblast             Erth           54%        2d13      1%          1
b - Stone Arrow           Conj/Erth      50%        3d10      4%          3
c - Passwall              Tmut/Erth      15%        N/A       4%          2
d - Blink                 Tloc           38%        N/A       4%          2
e - Petrify               Tmut/Erth      19%        N/A       28%         4
f - Manifold Assault      Tloc           19%        N/A       61%         5

Your spell library contained the following spells:

 Spells                   Type           Power      Damage    Failure   Level
 Storm Form               Tmut/Air       4%         N/A       100%        7


Dungeon Overview and Level Annotations

Branches:
Dungeon (8/15)             Temple (1/1) D:6           Sewer (visited)
Ossuary (visited)
   Lair: D:8-11

Altars:
Ashenzari
Dithmenos
Elyvilon
Fedhas
Hepliaklqana
Kikubaaqudgha
Makhleb
Nemelex Xobeh
Okawaru
Qazlal
Ru
Sif Muna
Trog
Uskayaw
Vehumet
Wu Jian
Xom
Yredelemnul
Zin
The Shining One

Shops:
D:2 !?   D:4 ?


Innate Abilities, Weirdness & Mutations

You are immune to sickness and miasma.
Your stone body is resilient. (AC +7)
You are immune to poison.
You resist negative energy. (rN+)
You are resistant to electric shocks. (rElec)
You are resistant to unholy torment.
You are immune to petrification.
You have a pair of small horns on your head.
Your skin changes colour to match your surroundings (Stealth+).
Armour fits poorly on your strangely shaped body.
Your magical capacity is low. (-10% MP)


Message History

You're too confused to move!
You bump into the rock wall.
Something hits you! Something bites you.
You bump into the rock wall.
Something hits you but does no damage. Something bites you.
You feel less confused.
You draw a card...
You have drawn the Dance.
The deck of cards glows slightly and disappears.
Something hits you!
* * * LOW HITPOINT WARNING * * *
Something bites you.
* * * LOW HITPOINT WARNING * * *
You swap places.
Something hits your -2 quarterstaff!
Your -2 quarterstaff is destroyed!
Your -2 quarterstaff disappears in a puff of smoke!
You draw a card...
You have drawn the Cloud.
Clouds appear around you!
The deck of cards disappears without a trace.
Okay, then.
Items here: ( )) [ ÷.
Things that are here:
a +0 dagger; a +0 robe; an orc skeleton You start resting.
Something hits you.
* * * LOW HITPOINT WARNING * * *
Something bites you.
* * * LOW HITPOINT WARNING * * *
Okay, then.
Okay, then.
You draw a card...
You have drawn Pain.
Press: ? - help, Shift-Dir - straight line Nothing appears to happen.
Something hits you.
* * * LOW HITPOINT WARNING * * *
Something bites you but does no damage.
You draw a card...
You have drawn the Orb.
Press: ? - help, Shift-Dir - straight line Your orb of destruction hits a rock wall. x6
Something hits you!
You die...
Your body glows slightly and disappears.

######## ######## #......#
#......# #########
##.####.###.####.# #.......#
#...)@{.......##.# #.......#
#..####.###.#.##.#
#.......###..####.###.#.##.#
#.................##.......#
#.......#########.##.##.####
#.^.....## #.##§##.#
##.......# #....§..#
#.##....# #########§####
#...###.# #.....# #.#


There were no monsters in sight!

Vanquished Creatures
  Grinder (D:4)
  A vampire mosquito (D:6)
  2 water moccasins
  An ice beast (D:7)
  2 sky beasts
  2 orc warriors
  A necrophage (D:7)
  4 ogres
  A centaur (D:3)
  A phantom (D:6)
  Blork the orc (D:6)
  5 bullfrogs
  A scorpion (D:4)
  6 wyvern zombies
  10 water moccasin zombies
  Dowan (D:7)
  9 bullfrog zombies
  9 centaur zombies
  A bullfrog skeleton (D:4)
  2 orc priests (D:5)
  3 hounds
  5 iguanas
  A gnoll shaman (D:6)
  6 mummies (Ossuary)
  3 orc wizards
  2 killer bee zombies (Ossuary)
  A hound skeleton (D:4)
  3 howler monkey zombies (Ossuary)
  4 gnolls (D:6)
  A howler monkey skeleton (D:4)
  9 adders
  A river rat (D:5)
  A shadow imp (D:7)
  2 white imps (D:5)
  A worm zombie (D:4)
  An adder skeleton (D:4)
  5 worms
  2 dart slugs
  15 orcs
  6 bats
  15 endoplasms
  17 giant cockroaches
  7 goblins
  8 hobgoblins
  18 jackals
  15 quokkas
  16 ball pythons
  12 frilled lizards
  4 kobolds
  12 rats
257 creatures vanquished.

Vanquished Creatures (collateral kills)
  A vampire (D:7)
  Duvessa (D:7)
  An orc (D:7)
3 creatures vanquished.

Vanquished Creatures (others)
  6 withered plants (Ossuary)
6 creatures vanquished.

Grand Total: 266 creatures vanquished

Notes
Turn   | Place    | Note
-------+----------+-------------------------------------------
     0 | D:1      | enile the Gargoyle Earth Elementalist began the quest for
                  | the Orb.
     0 | D:1      | Reached XP level 1. HP: 10/10 MP: 3/3
    35 | D:1      | Reached skill level 1 in Fighting
   139 | D:1      | Reached XP level 2. HP: 17/17 MP: 3/5
   496 | D:1      | Reached skill level 1 in Transmutations
   509 | D:1      | Reached XP level 3. HP: 14/21 MP: 0/6
   767 | D:1      | Learned a level 3 spell: Stone Arrow
  1494 | D:1      | Found a radiant altar of Vehumet.
  1667 | D:2      | Found Qeriapp's Distillery.
  1789 | D:2      | Found Awupsi's Magic Scroll Emporium.
  1798 | D:2      | Bought a scroll of fear for 45 gold pieces
  1934 | D:2      | Reached XP level 4. HP: 11/26 MP: 1/8
  2130 | D:2      | Bought a potion of degeneration for 11 gold pieces
  2685 | D:2      | Reached skill level 1 in Conjurations
  3197 | D:3      | Found a basalt altar of Yredelemnul.
  3201 | D:3      | Found an ornate altar of the Wu Jian Council.
  3382 | D:3      | Reached XP level 5. HP: 30/30 MP: 5/9
  3981 | D:3      | Noticed a centaur
  3997 | D:3      | Noticed a sky beast
  4000 | D:3      | Killed a centaur
  4001 | D:3      | Reached skill level 1 in Long Blades
  4080 | D:3      | Killed a sky beast
  4081 | D:3      | Reached XP level 6. HP: 18/37 MP: 0/10
  4484 | D:3      | Learned a level 2 spell: Passwall
  4499 | D:3      | Learned a level 2 spell: Blink
  4617 | D:4      | Noticed Grinder
  4625 | D:4      | Killed Grinder
  4626 | D:4      | Reached skill level 1 in Necromancy
  4626 | D:4      | Reached XP level 7. HP: 36/43 MP: 3/11
  4789 | D:4      | Found a sand-covered staircase.
  5026 | Ossuary  | Entered an ossuary
  5084 | Ossuary  | Gained mutation: Your spells are a little harder to cast,
                  | but a little more powerful. [potion of mutation]
  5084 | Ossuary  | Lost mutation: Your spells are a little harder to cast, but
                  | a little more powerful. [potion of mutation]
  5084 | Ossuary  | Gained mutation: You are covered in fur. (AC +1) [potion of
                  | mutation]
  5084 | Ossuary  | Gained mutation: You possess an exceptional clarity of
                  | mind. [potion of mutation]
  5324 | Ossuary  | Lost mutation: You possess an exceptional clarity of mind.
                  | [potion of mutation]
  5324 | Ossuary  | Lost mutation: You are covered in fur. (AC +1) [potion of
                  | mutation]
  5324 | Ossuary  | Gained mutation: Your skin changes colour to match your
                  | surroundings (Stealth+). [potion of mutation]
  5324 | Ossuary  | Gained mutation: Your magical capacity is low. (-10% MP)
                  | [potion of mutation]
  5324 | Ossuary  | Gained mutation: Armour fits poorly on your strangely
                  | shaped body. [potion of mutation]
  5324 | Ossuary  | Gained mutation: You have a pair of small horns on your
                  | head. [potion of mutation]
  5601 | Ossuary  | Reached XP level 8. HP: 39/48 MP: 7/11
  5794 | Ossuary  | Reached skill level 5 in Earth Magic
  6064 | Ossuary  | Reached skill level 5 in Fighting
  6252 | Ossuary  | Learned a level 4 spell: Petrify
  6571 | Ossuary  | Reached skill level 1 in Evocations
  6649 | Ossuary  | Reached XP level 9. HP: 42/54 MP: 2/13
  7633 | D:4      | Found Perph's Magic Scroll Shop.
  7639 | D:4      | Bought a scroll of blinking for 82 gold pieces
  7639 | D:4      | Bought a scroll of identify for 22 gold pieces
  7639 | D:4      | Bought a scroll of identify for 22 gold pieces
  8369 | D:5      | Entered Level 5 of the Dungeon
  8494 | D:5      | Reached skill level 5 in Spellcasting
  8899 | D:5      | Found a glowing drain.
  8908 | Sewer    | Entered a sewer
  9500 | D:5      | Found a shimmering altar of Xom.
  9569 | D:5      | Reached skill level 1 in Armour
 10348 | D:6      | Reached skill level 1 in Throwing
 10425 | D:6      | Noticed Blork the orc
 10444 | D:6      | Killed Blork the orc
 10574 | D:6      | Found a staircase to the Ecumenical Temple.
 10613 | Temple   | Entered the Ecumenical Temple
 10748 | Temple   | Became a worshipper of Nemelex Xobeh the Trickster
 10977 | D:6      | Reached XP level 10. HP: 60/60 MP: 15/15
 10981 | D:6      | Reached skill level 5 in Conjurations
 10981 | D:6      | Reached skill level 1 in Invocations
 11300 | D:6      | Identified the ring of Irarithi {rCorr Str+3 Int+2 Dex-3}
 11507 | D:7      | Learned a level 5 spell: Manifold Assault
 11662 | D:7      | Noticed Dowan
 11683 | D:7      | Noticed Duvessa
 11701 | D:7      | Killed Dowan
 11730 | D:7      | Identified the +3 falchion "Oheatwown" {drain, *Corrode Fly
                  | rN+ MP+9}
 12110 | D:8      | HP: 1/60 [something (5)]
 12119 | D:8      | HP: 3/60 [something (4)]
 12393 | D:8      | Found a glowing golden altar of the Shining One.
 12471 | D:8      | Reached * piety under Nemelex Xobeh
 12495 | D:7      | Killed Duvessa
 12782 | D:7      | Received a gift from Nemelex Xobeh
 13167 | D:7      | Slain by a vampire

Illustrated notes

Levels and vault maps discovered:
D:1:      dpeg_arrival_water_altar, layout_basic,
          nicolae_concentric_dashed_squares_wild, st_stairs_3, minmay_surrounded
D:2:      layout_basic, serial_shops, nicolae_shop_hallway_stairs,
          nicolae_shop_trees, serial_corexii_hall, corexii_hall_statues_x,
          corexii_hall_statues_deadend
D:3:      layout_loops_ring, grunt_temple_overflow_open, minivault_5,
          st_stairs_6, grunt_ministairs_5
D:4:      layout_layer_cave, enter_ossuary_3, serial_shops, shop, uniq_grinder
D:5:      kb_forest_paths, layout_basic, mainiacjoe_overflow_brackets,
          gup_sewer_entry_bowl
D:6:      layout_loops_ring, minmay_temple_entry_poolview, serial_glass,
          glass_columns_a, glass_columns_a, minmay_three_doors,
          uniq_blork_the_orc
D:7:      layout_loops_cross, uniq_duvessa
D:8:      layout_loops_cross, mainiacjoe_overflow_alcove_4,
          nicolae_gozag_seed_capital, dk_noncrumbling_4
Temple:   nicolae_temple_elliptical

Skill      XL: |  1  2  3  4  5  6  7  8  9 10 |
---------------+-------------------------------+-----
Fighting       | 1 2 3 4 5 6 |  6.0
Earth Magic    | 4 5 6 |  6.0
Transmutations | 1 2 |  2.0
Dodging        | 2 3 |  3.0
Spellcasting   | 3 4 5 |  5.0
Conjurations   | 2 3 4 5 |  5.0
Long Blades    | 2 3 4 |  4.7
Translocations | 2 3 4 |  4.0
Necromancy     | 1 2 3 |  3.0
Stealth        | 4 |  4.0
Evocations     | 2 |  2.0
Armour         | 3 4 |  4.0
Throwing       | 2 |  2.0
Invocations    | 4 |  4.0

Action                   |  1- 3 |  4- 6 |  7- 9 | 10-12 || total
-------------------------+-------+-------+-------+-------++-------
Melee: Unarmed           |    21 |       |       |       ||    21
       Spear             |    70 |    61 |       |       ||   131
       Long sword        |       |    27 |   282 |    21 ||   330
       Headbutt          |       |       |    32 |     4 ||    36
       Falchion          |       |       |       |    43 ||    43
 Cast: Sandblast         |    45 |    29 |    20 |     5 ||    99
       Stone Arrow       |     5 |    16 |   118 |    36 ||   175
       Petrify           |       |       |     1 |     3 ||     4
       Blink             |       |       |     1 |     1 ||     2
       Passwall          |       |       |       |     1 ||     1
Invok: Draw Destruction  |       |       |       |     2 ||     2
       Draw Summoning    |       |       |       |     2 ||     2
       Draw Escape       |       |       |       |     1 ||     1
  Use: Potion            |       |       |     9 |     9 ||    18
       Scroll            |       |       |    11 |     3 ||    14
 Stab: Sleeping          |     2 |     7 |     5 |       ||    14
       Distracted        |       |       |     3 |       ||     3
Armor: Robe              |    40 |    32 |   133 |       ||   205
       Leather armour    |       |       |    10 |    65 ||    75
Dodge: Dodged            |    71 |    59 |   216 |    31 ||   377

Table legend: (Time is in decaauts)
 A = Elapsed time spent in this place.
 B = Non-inter-level travel time spent in this place.
 C = Inter-level travel time spent in this place.
 D = Time resting spent in this place.
 E = Time spent auto-exploring this place.
 F = Levels seen in this place.
 G = Mean time per level.
                   A        B        C        D        E       F      G
               +--------+--------+--------+--------+--------+-----+--------+
         Total |  13258 |  13090 |    168 |   1899 |   8519 |  11 | 1205.3 |
       Dungeon |  10622 |  10454 |    168 |    748 |   7754 |   8 | 1327.8 |
        Temple |    172 |    172 |      0 |      0 |     81 |   1 |  172.0 |
         Sewer |    563 |    563 |      0 |      0 |    303 |   1 |  563.0 |
       Ossuary |   1900 |   1900 |      0 |   1151 |    381 |   1 | 1900.0 |
               +--------+--------+--------+--------+--------+-----+--------+

Top non-repeatable levels by time:
     D:4: 1927 daAuts
 Ossuary: 1900 daAuts
     D:3: 1730 daAuts
     D:1: 1524 daAuts
     D:2: 1355 daAuts
     D:5: 1302 daAuts
     D:7: 1057 daAuts
     D:6: 985 daAuts
     D:8: 738 daAuts
   Sewer: 563 daAuts
  Temple: 172 daAuts
